 Dungeon Crawl Stone Soup version 0.30-a0-50-gb2d611f6b1 (webtiles) character file.

Game seed: 5373998792379729540

12 MrFrogsmire the Conjurer (level 2, 0/17 HPs)
             Began as an Octopode Conjurer on Sept 3, 2022.
             Slain by an orc
             ... wielding a +0 hand axe
              (6 damage)
             ... on level 2 of the Dungeon.
             The game lasted 00:02:41 (468 turns).

MrFrogsmire the Conjurer (Octopode Conjurer)         Turns: 468, Time: 00:02:41

Health: 0/17       AC:  1    Str:  6    XL:     2   Next: 33%
Magic:  1/5        EV: 10    Int: 20    God:
Gold:   49         SH:  0    Dex: 10    Spells: 4/5 levels left

rFire   . . .      SeeInvis .    b - +0 trident
rCold   . . .      Faith    .    (no shield)
rNeg    . . .      Spirit   .    (helmet restricted)
rPois   .          Reflect  .    e - amulet of the acrobat
rElec   .          Harm     .    (no ring)
rCorr   .          Rampage  .    (no ring)
Will    .....                    (no ring)
Stlth   +++.......               (no ring)
HPRegen 0.05/turn                (no ring)
MPRegen 0.09/turn                (no ring)
                                 (no ring)
                                 (no ring)

@: constricted
A: almost no armour, amphibious, 8 rings, camouflage 1, gelatinous body 1,
(nimble swimmer 1), tentacles
a: no special abilities


You were on level 2 of the Dungeon.
You visited 1 branch of the dungeon, and saw 2 of its levels.

You collected 49 gold pieces.

Inventory:

Hand Weapons
 b - a +0 trident (weapon)
Armour
 d - a +3 scale mail
Jewellery
 e - an amulet of the acrobat (around mantle)
Scrolls
 c - a scroll of identify {unknown}
Potions
 a - a potion of magic


   Skills:
 + Level 2.0 Dodging
 + Level 2.7 Stealth
 + Level 2.1 Spellcasting
 + Level 4.4 Conjurations


You had 4 spell levels left.
You knew the following spells:

 Your Spells              Type           Power      Damage    Failure   Level
a - Magic Dart            Conj           76%        1d6       2%          1

Your spell library contained the following spells:

 Spells                   Type           Power      Damage    Failure   Level
 Searing Ray              Conj           38%        2d5       3%          2
 Dazzling Flash           Conj/Hex       22%        N/A       19%         3
 Fulminant Prism          Conj/Hex       5%         3d7       52%         4
 Iskenderun's Mystic Bla  Conj/Tloc      11%        2d4       52%         4


Dungeon Overview and Level Annotations

Branches:
Dungeon (2/15)

Altars:


Innate Abilities, Weirdness & Mutations

You cannot wear most types of armour.
You are amphibious.
You can wear up to eight rings at the same time.
Your skin changes colour to match your surroundings (Stealth+).
Your rubbery body absorbs attacks. (AC +1, EV +1)
((You are camouflaged when in or above water. (Stealth+)))
You have tentacles for arms and can constrict up to eight enemies at once.


Message History

The magic dart hits the rat.
You kill the rat!
You can't see any susceptible monsters within range! (Use Z to cast anyway.)
You can't see any susceptible monsters within range! (Use Z to cast anyway.)
A bat comes into view.
The magic dart hits the bat.
You kill the bat!
There is a stone staircase leading down here.
You climb downwards.
Found 14 gold pieces.
There is a stone staircase leading up here.
You now have 49 gold pieces (gained 14).
An orc and a ball python come into view.
The magic dart hits the orc but does no damage.
The orc shouts!
The magic dart hits the orc.
The orc is lightly wounded.
The magic dart hits the orc but does no damage.
The orc is lightly wounded.
You are out of magic!
You closely miss the orc. You grab the orc.
The orc is lightly wounded.
You constrict the orc. The orc hits you but does no damage.
You hit the orc.
The orc is almost dead.
You constrict the orc, but do no damage.
The orc barely misses you.
You hit the orc but do no damage.
The orc is almost dead.
You constrict the orc, but do no damage.
The ball python closely misses you. The ball python grabs you.
The ball python constricts you. The orc hits you with a +0 hand axe.
The ball python barely misses you. The ball python constricts you.
You hit the orc but do no damage.
The orc is almost dead.
You constrict the orc, but do no damage.
The orc hits you with a +0 hand axe.
The ball python bites you but does no damage.
The ball python constricts you. The orc hits you with a +0 hand axe.
You die...

.# .# ..# ...
########.#
#........#
#....So..#...
#<...@.......
#............
#..........##
.............#
###########..#
..# ... ##


You could see an orc and a ball python.

Vanquished Creatures
  A dart slug (D:1)
  An endoplasm (D:1)
  3 goblins (D:1)
  2 bats (D:1)
  2 frilled lizards (D:1)
  2 rats (D:1)
11 creatures vanquished.

Notes
Turn   | Place    | Note
-------+----------+-------------------------------------------
     0 | D:1      | MrFrogsmire the Octopode Conjurer began the quest for the
                  | Orb.
     0 | D:1      | Reached XP level 1. HP: 11/11 MP: 3/3
   225 | D:1      | Reached XP level 2. HP: 17/17 MP: 0/5
   468 | D:2      | Slain by an orc

Illustrated notes

Levels and vault maps discovered:
D:1:      dpeg_arrival_line_fractal, layout_rooms,
          shapermc_ecumenical_altar_pompeii, minmay_tetromino_i2
D:2:      layout_basic, hangedman_glass_teeth, uniq_robin

Action                   || total
-------------------------++-------
Melee: Trident           ||     8
       Constrict         ||     1
 Cast: Magic Dart        ||    20
Armor: Skin              ||     2
Dodge: Dodged            ||     5

Table legend: (Time is in decaauts)
 A = Elapsed time spent in this place.
 B = Non-inter-level travel time spent in this place.
 C = Inter-level travel time spent in this place.
 D = Time resting spent in this place.
 E = Time spent auto-exploring this place.
 F = Levels seen in this place.
 G = Mean time per level.
                   A        B        C        D        E       F      G
               +--------+--------+--------+--------+--------+-----+--------+
         Total |    469 |    197 |    272 |      0 |      0 |   2 |  234.5 |
       Dungeon |    469 |    197 |    272 |      0 |      0 |   2 |  234.5 |
               +--------+--------+--------+--------+--------+-----+--------+

Top non-repeatable levels by time:
     D:1: 456 daAuts
     D:2: 12 daAuts
